 Dungeon Crawl Stone Soup version 0.32-a0-86-g8db1b9f803 (webtiles) character file.

Game seed: 848040966088677331

9263 pokeman the Thaumaturge (level 11, -3/61 HPs)
             Began as a Deep Elf Hedge Wizard on Feb 6, 2024.
             Was a Priest of Vehumet.
             Slain by Fannar
             ... wielding a +0 quarterstaff of freezing
              (29 damage)
             ... on level 11 of the Dungeon.
             The game lasted 00:28:11 (12106 turns).

pokeman the Thaumaturge (Deep Elf Hedge Wizard)    Turns: 12106, Time: 00:28:12

Health: -3/61      AC:  8    Str:  7    XL:     11   Next: 20%
Magic:  31/31      EV: 33    Int: 30    God:    Vehumet [***...]
Gold:   511        SH:  0    Dex: 14    Spells: 27/39 levels left

rFire   . . .        O - +2 hand axe (venom)
rCold   . . .        (no shield)
rNeg    + . .        E - +2 robe {rN+}
rPois   .            c - +0 hat
rElec   .            y - +2 cloak
rCorr   .            z - +0 pair of gloves
SInv    .            (no boots)
Will    +....        n - amulet of the acrobat
Stlth   ++           o - +6 ring of intelligence
HPRegen 0.30/turn    u - +5 ring of evasion
MPRegen 0.22/turn

%: acrobat
@: acrobatic
A: no striking features
a: Renounce Religion


You were on level 11 of the Dungeon.
You worshipped Vehumet.
Vehumet was most pleased with you.
You visited 2 branches of the dungeon, and saw 12 of its levels.

You collected 511 gold pieces.

Inventory:

Hand Weapons
 D - a +4 trident of draining
 O - a +2 hand axe of venom (weapon)
 P - the +6 rapier "Vamyfa Zoer" {heavy, Will+ rCorr Str-4 SInv}
   (You found it on level 11 of the Dungeon)

   Str-4:     It affects your strength (-4).
   Will+:     It increases your willpower.
   SInv:      It lets you see invisible.
   rCorr:     It protects you from acid and corrosion.
Missiles
 p - 2 curare-tipped darts
Armour
 c - a +0 hat (worn)
 y - a +2 cloak (worn)
 z - a +0 pair of gloves (worn)
 E - a +2 robe of positive energy (worn)
 J - a +0 pair of boots
Jewellery
 n - an amulet of the acrobat (around neck)
 o - a +6 ring of intelligence (left hand)
 t - a ring of resist corrosion
 u - a +5 ring of evasion (right hand)
 N - a +6 ring of dexterity
Wands
 M - a wand of roots (5)
Scrolls
 b - a scroll of enchant armour {unknown}
 f - 2 scrolls of torment {unknown}
 g - 11 scrolls of identify {unknown}
 h - 3 scrolls of fog {unknown}
 j - 5 scrolls of revelation {unknown}
 k - a scroll of brand weapon {unknown}
 s - 2 scrolls of teleportation {unknown}
 v - a scroll of vulnerability {unknown}
 x - 2 scrolls of noise {unknown}
 B - a scroll of fear {unknown}
 G - a scroll of enchant weapon {unknown}
 H - 2 scrolls of amnesia {unknown}
 I - a scroll of immolation {unknown}
 L - 2 scrolls of summoning {unknown}
Potions
 a - a potion of mutation {unknown}
 d - 2 potions of magic
 e - 2 potions of heal wounds {unknown}
 i - a potion of enlightenment {unknown}
 l - a potion of invisibility {unknown}
 m - a potion of ambrosia {unknown}
 q - a potion of degeneration {unknown}
 r - 5 potions of haste {unknown}
 w - 6 potions of curing {unknown}
 A - 2 potions of might {unknown}
 C - 3 potions of attraction {unknown}
 F - 2 potions of brilliance {unknown}
 K - 2 potions of lignification {unknown}


   Skills:
 - Level 4.0 Fighting
 + Level 3.8 Armour
 - Level 3.0 Dodging
 - Level 3.0 Stealth
 - Level 3.0 Shields
 * Level 14.9 Spellcasting
 + Level 8.7 Conjurations
 - Level 1.1 Summonings
 - Level 1.1 Translocations
 + Level 7.0 Fire Magic
 - Level 1.0 Air Magic
 - Level 1.0 Alchemy
 - Level 3.0 Evocations


You had 27 spell levels left.
You knew the following spells:

 Your Spells              Type           Power      Damage    Failure   Level
a - Magic Dart            Conj           100%       1d8       1%          1
b - Mephitic Cloud        Conj/Alch/Air  44%        N/A       1%          3
c - Call Imp              Summ           58%        N/A       1%          2
d - Blink                 Tloc           58%        N/A       1%          2
e - Flame Wave            Conj/Fire      62%        2d14      1%          4

Your spell library contained the following spells:

 Spells                   Type           Power      Damage    Failure   Level
 Volatile Blastmotes      Fire/Tloc      92%        2d17      1%          3
 Apportation              Tloc           58%        N/A       1%          1
 Sting                    Conj/Alch      100%       1d9       1%          1
 Summon Small Mammal      Summ           100%       N/A       1%          1
 Mercury Vapours          Alch/Air       56%        N/A       1%          2
 Inner Flame              Hex/Fire       43%        N/A       1%          3
 Sticky Flame             Fire/Alch      46%        2d9       1%          4
 Necrotise                Necr           88%        1d8       2%          1
 Slow                     Hex            88%        N/A       2%          1
 Cigotuvi's Dreadful Rot  Necr/Alch/Air  52%        N/A       2%          2
 Olgreb's Toxic Radiance  Alch           28%        N/A       4%          4


Dungeon Overview and Level Annotations

Branches:
Dungeon (11/15)            Temple (1/1) D:4            Lair (0/5) D:8
    Orc (0/2) D:10

Altars:
Ashenzari
Cheibriados
Dithmenos
Elyvilon
Fedhas
Gozag
Hepliaklqana
Kikubaaqudgha
Makhleb
Nemelex Xobeh
Okawaru
Qazlal
Ru
Sif Muna
Trog
Uskayaw
Vehumet
Wu Jian
Xom
Yredelemnul
Zin
The Shining One

Annotations:
D:11 Erolcha, Fannar


Message History

Aim: Erolcha, wielding a +0 giant club and wearing a +0 robe (chance to affect: 72%)
The ball explodes into a vile cloud!
The stinking cloud engulfs Erolcha.
Erolcha is engulfed in noxious fumes.
Erolcha appears confused.
Unknown command.
Erolcha is engulfed in noxious fumes.
Erolcha appears confused.
Found a twisted rapier.
Found 22 gold pieces.
You see here the +6 rapier "Vamyfa Zoer" {heavy, Will+ rCorr Str-4 SInv}.
P - the +6 rapier "Vamyfa Zoer" {heavy, Will+ rCorr Str-4 SInv}
There is a stone staircase leading up here.
You climb upwards.
There is a stone staircase leading down here.
You start resting.
Magic restored.
You start resting.
HP restored.
Unknown command.
You climb downwards.
Level annotation: Erolcha
There is a stone staircase leading up here.
Fannar the Cold-Hearted comes into view.
They are wielding a +0 quarterstaff of freezing and wearing a +2 robe of cold resistance.
Fannar shouts!
Casting: Mephitic Cloud (safe; 1% risk of failure)
Confirm with . or Enter, or press ? or * to list all spells.
Aiming: Magic Dart (safe; 1% risk of failure)
Press: ? - help, Shift-Dir - straight line, f - Fannar
Aim: Fannar, wielding a +0 quarterstaff of freezing, wearing a +2 robe of cold resistance and wearing a ring of ice (100% to hit)
The magic dart hits Fannar.
Fannar is lightly wounded.
Fannar mumbles some strange words.
Casting: Magic Dart (safe; 1% risk of failure)
Confirm with . or Enter, or press ? or * to list all spells.
You can't see any susceptible monsters within range! (Use Z to cast anyway.) Fannar casts a spell.
Fannar drains the heat from the surrounding environment!
Ouch! That really hurt!
Fannar casts a spell.
Fannar casts a spell.
Fannar drains the heat from the surrounding environment!
You die...

####.......##.........###..
...........................
...........##.........###..
..................#.....#..
....Y........####'#........
...e.........###...........
...........................
.......Y.....##.........#..
......#...@...#.#.#######..
###.#.#.###.#.#.#.# #.. # #
#.......#.#.# #..
#####...#.#.# #.. #...#.#.#
### ....#.#.# #####.#.#


You could see Fannar and 2 ice beasts.

Vanquished Creatures
  A catoblepas (D:9)
  A two-headed ogre (D:11)
  A death yak (D:9)
  A kobold demonologist (D:10)
  A komodo dragon (D:8)
  Jeremiah (D:8)
  A polar bear (D:9)
  A shadow (D:9)
  A wyvern (D:8)
  A wraith (D:11)
  An unseen horror simulacrum (D:9)
  12 yaks
  A steam dragon (D:8)
  3 vampire mosquitoes (D:10)
  A black bear (D:6)
  6 orc warriors
  An ice beast (D:8)
  A sky beast (D:6)
  2 ogres (D:6)
  A centaur (D:9)
  A phantom (D:6)
  4 kobold brigands
  4 bullfrogs
  3 scorpions
  12 wights
  A hornet simulacrum (D:9)
  3 killer bees (D:10)
  A vampire bat (D:4)
  2 electric eels (D:9)
  2 howler monkeys (D:10)
  A hound (D:6)
  3 jellies
  A gnoll bouda (D:8)
  4 orc priests
  5 iguanas
  2 orc wizards
  A centaur simulacrum (D:9)
  9 gnolls
  5 adders
  2 shadow imps
  6 white imps
  2 howler monkey simulacra (D:9)
  An ufetubus (D:9)
  4 dart slugs
  3 fire bats (D:4)
  A ribbon worm (D:2)
  29 orcs
  2 spectral bats (D:4)
  3 bat skeletons (D:4)
  A bat zombie (D:4)
  9 endoplasms
  3 giant cockroaches
  10 goblins
  10 hobgoblins
  2 jackals (D:5)
  17 kobolds
  4 quokkas
  4 ball pythons
  12 bats
  A bat simulacrum (D:4)
  3 frilled lizards
  6 rats
238 creatures vanquished.

Vanquished Creatures (collateral kills)
  3 orcs
3 creatures vanquished.

Vanquished Creatures (others)
  An electric eel (D:9)
  An ufetubus (D:9)
2 creatures vanquished.

Grand Total: 243 creatures vanquished

Notes
Turn   | Place    | Note
-------+----------+-------------------------------------------
     0 | D:1      | pokeman the Deep Elf Hedge Wizard began the quest for the
                  | Orb.
     0 | D:1      | Reached XP level 1. HP: 10/10 MP: 7/7
   385 | D:1      | Reached XP level 2. HP: 16/16 MP: 5/9
   831 | D:1      | Reached skill level 5 in Spellcasting
   964 | D:1      | Reached XP level 3. HP: 20/20 MP: 7/11
   968 | D:1      | Learned a level 3 spell: Mephitic Cloud
   994 | D:1      | Learned a level 2 spell: Call Imp
   997 | D:1      | Learned a level 2 spell: Blink
  1466 | D:2      | Reached skill level 1 in Armour
  1614 | D:2      | Reached skill level 1 in Fighting
  2005 | D:2      | Found a faded altar of an unknown god.
  2229 | D:2      | Reached XP level 4. HP: 25/25 MP: 4/13
  2950 | D:3      | Found an ancient bone altar of Kikubaaqudgha.
  2951 | D:3      | Found an ornate altar of the Wu Jian Council.
  3480 | D:3      | Found a hazy altar of Hepliaklqana.
  3771 | D:4      | Reached skill level 6 in Spellcasting
  3771 | D:4      | Reached XP level 5. HP: 24/29 MP: 6/15
  3798 | D:4      | Reached skill level 1 in Shields
  3913 | D:4      | Found a staircase to the Ecumenical Temple.
  3928 | Temple   | Found a transporter.
  3928 | Temple   | Found a transporter.
  3928 | Temple   | Found a transporter.
  3928 | Temple   | Found a transporter.
  3928 | Temple   | Entered the Ecumenical Temple
  3947 | Temple   | Became a worshipper of Vehumet
  4457 | D:4      | Reached skill level 1 in Air Magic
  4571 | D:4      | Reached skill level 1 in Alchemy
  4578 | D:4      | Reached XP level 6. HP: 33/34 MP: 6/17
  4788 | D:5      | Entered Level 5 of the Dungeon
  4860 | D:5      | Reached skill level 7 in Spellcasting
  4874 | D:5      | HP: 1/34 [orc wizard/+0 dagger (4)]
  5074 | D:5      | Reached XP level 7. HP: 39/39 MP: 11/20
  5814 | D:6      | Reached skill level 8 in Spellcasting
  6127 | D:6      | Reached skill level 9 in Spellcasting
  6158 | D:6      | Reached XP level 8. HP: 44/44 MP: 10/23
  6278 | D:6      | Learned a level 4 spell: Flame Wave
  6325 | D:6      | You fall into a shaft and drop 3 floors!
  6346 | D:8      | Reached * piety under Vehumet
  6346 | D:8      | Offered knowledge of Sandblast by Vehumet.
  6444 | D:7      | Noticed Jeremiah
  6484 | D:8      | Killed Jeremiah
  6485 | D:8      | Reached skill level 5 in Conjurations
  6485 | D:8      | Reached skill level 1 in Fire Magic
  6667 | D:7      | Reached skill level 10 in Spellcasting
  7429 | D:7      | Reached skill level 11 in Spellcasting
  7429 | D:7      | Reached XP level 9. HP: 48/48 MP: 16/26
  7978 | D:8      | Noticed a komodo dragon
  7992 | D:8      | Killed a komodo dragon
  8012 | D:8      | Reached ** piety under Vehumet
  8165 | D:8      | Offered knowledge of Scorch by Vehumet.
  8476 | D:8      | Found a blossoming altar of Fedhas.
  8484 | D:8      | Reached skill level 12 in Spellcasting
  8839 | D:8      | Found a staircase to the Lair.
  8966 | D:8      | Reached skill level 5 in Fire Magic
  8984 | D:8      | Reached XP level 10. HP: 33/55 MP: 12/28
  9359 | D:9      | Reached skill level 13 in Spellcasting
  9495 | D:9      | Offered knowledge of Hailstorm by Vehumet.
  9688 | D:9      | Noticed a death yak
  9752 | D:9      | Killed a death yak
 10035 | D:9      | Reached skill level 1 in Evocations
 10516 | D:10     | Entered Level 10 of the Dungeon
 10516 | D:10     | Noticed a catoblepas
 10894 | D:9      | Killed a catoblepas
 10895 | D:9      | Reached skill level 14 in Spellcasting
 11003 | D:10     | Reached *** piety under Vehumet
 11181 | D:10     | Found a staircase to the Orcish Mines.
 11182 | D:10     | Offered knowledge of Volatile Blastmotes by Vehumet.
 11431 | D:10     | Reached XP level 11. HP: 39/61 MP: 19/31
 11939 | D:11     | Noticed a two-headed ogre
 11951 | D:11     | Noticed a two-headed ogre
 11957 | D:11     | Killed a two-headed ogre
 11965 | D:11     | Noticed Erolcha
 11978 | D:11     | Identified the +6 rapier "Vamyfa Zoer" {heavy, Will+ rCorr
                  | Str-4 SInv}
 12101 | D:11     | Noticed Fannar
 12106 | D:11     | Slain by Fannar

Illustrated notes

Levels and vault maps discovered:
D:1:      minmay_arrival_widening_spiral_wide, layout_loops_ring,
          kennysheep_another_room
D:2:      layout_loops_corners, dreamdust_ecumenical_altar_statues,
          grunt_ministairs_6
D:3:      wander_river, layout_loops_corners, mainiacjoe_overflow_tiny_flanked,
          minitemple
D:4:      layout_rooms, minmay_temple_entry_large_hall, goddamned_bats
D:5:      layout_basic, hangedman_decor_opposing
D:6:      layout_loops_ring, nicolae_zig_zag_zippers
D:7:      layout_rooms, serial_library_hellmonk_room_a, uniq_jeremiah
D:8:      layout_cave_pods, david_lair_shrubbed, minmay_ruined_shrine
D:9:      layout_loops_ring, serial_ice, serial_ice_o, serial_ice_m,
          serial_ice_j, serial_ice_g, kennysheep_small_spiral
D:10:     layout_loops_ring, david_orc_5, serial_bayou_crossing
D:11:     layout_basic, serial_shops, nicolae_shop_stone, grunt_ministairs_14,
          uniq_erolcha, uniq_fannar
Temple:   hellmonk_temple_divided_pantheon

Skill      XL: |  1  2  3  4  5  6  7  8  9 10 11 |
---------------+----------------------------------+-----
Spellcasting   | 5 6 7 9 11 12 14 | 14.9
Armour         | 1 2 3 |  3.8
Fighting       | 1 2 4 |  4.0
Conjurations   | 2 3 4 5 7 8 |  8.7
Dodging        | 3 |  3.0
Shields        | 1 2 3 |  3.0
Stealth        | 3 |  3.0
Air Magic      | 1 |  1.0
Alchemy        | 1 |  1.0
Fire Magic     | 3 5 6 7 |  7.0
Evocations     | 2 3 |  3.0
Summonings     | |  1.1
Translocations | |  1.1

Action                     |  1- 3 |  4- 6 |  7- 9 | 10-12 || total
---------------------------+-------+-------+-------+-------++-------
  Melee: Dagger            |    16 |    43 |    90 |    25 ||   174
         Punch             |     1 |     4 |     5 |     8 ||    18
         Trident           |       |       |    20 |       ||    20
         Hand axe          |       |       |       |    18 ||    18
   Cast: Magic Dart        |   120 |   124 |   127 |    19 ||   390
         Mephitic Cloud    |     1 |     7 |    26 |    22 ||    56
         Call Imp          |       |     2 |     3 |     2 ||     7
         Blink             |       |       |     2 |     3 ||     5
         Flame Wave        |       |       |    11 |    35 ||    46
   Stab: Confused          |     2 |     4 |    14 |     1 ||    21
         Sleeping          |       |     1 |     1 |       ||     2
 Armour: Robe              |    13 |    30 |    47 |    58 ||   148
  Dodge: Dodged            |    24 |    78 |   103 |    87 ||   292

Table legend: (Time is in decaauts)
 A = Elapsed time spent in this place.
 B = Non-inter-level travel time spent in this place.
 C = Inter-level travel time spent in this place.
 D = Time resting spent in this place.
 E = Time spent auto-exploring this place.
 F = Levels seen in this place.
 G = Mean time per level.
                   A        B        C        D        E       F      G
               +--------+--------+--------+--------+--------+-----+--------+
         Total |  12145 |  11763 |    382 |    876 |   8993 |  12 | 1012.1 |
       Dungeon |  12110 |  11728 |    382 |    876 |   8993 |  11 | 1100.9 |
        Temple |     35 |     35 |      0 |      0 |      0 |   1 |   35.0 |
               +--------+--------+--------+--------+--------+-----+--------+

Top non-repeatable levels by time:
     D:9: 1833 daAuts
     D:8: 1603 daAuts
     D:1: 1464 daAuts
     D:2: 1324 daAuts
     D:4: 1196 daAuts
     D:5: 1057 daAuts
    D:10: 976 daAuts
     D:3: 891 daAuts
     D:7: 878 daAuts
     D:6: 782 daAuts
    D:11: 102 daAuts
  Temple: 35 daAuts
